 Dungeon Crawl Stone Soup version 0.25.0-1-g7eea58d2a3 (webtiles) character file.

Game seed: 4828198517853154640

76 DeadF the Sneak (level 4, -1/18 HPs)
             Began as a Felid Enchanter on June 14, 2020.
             Succumbed to a scorpion's poison
             ... on level 4 of the Dungeon.
             The game lasted 00:07:01 (5432 turns).

DeadF the Sneak (Felid Enchanter)                   Turns: 5432, Time: 00:07:02

Health: -1/18      AC:  1    Str:  4    XL:     4   Next: 12%
Magic:  4/8        EV: 20    Int: 16    God:
Gold:   120        SH:  0    Dex: 17    Spells: 4/7 levels left
                                        Lives:  0   Deaths: 1

rFire    . . .     SeeInvis +     - Unarmed
rCold    . . .     Gourm    .   (shield unavailable)
rNeg     . . .     Faith    .   (armour unavailable)
rPois    .         Spirit   .   (helmet unavailable)
rElec    .         Reflect  .   (cloak unavailable)
rCorr    .         Harm     .   (gloves unavailable)
MR       .....                  (boots unavailable)
Stlth    ++++......             (no amulet)
HPRegen  0.06/turn              e - ring of wizardry
MPRegen  0.11/turn              (no ring)

@: lethally poisoned (-1 -> -22), very slightly contaminated, quick
A: very small, no armour, no weapons or thrown items, stealth, claws 1, fangs 3,
see invisible, carnivore, speed 1, shaggy fur 1, slow metabolism 1, sharp paws
a: no special abilities


You were on level 4 of the Dungeon.
You were not hungry.

You visited 1 branch of the dungeon, and saw 4 of its levels.

You collected 120 gold pieces.

Inventory:

Jewellery
 e - a ring of wizardry (left paw)
Scrolls
 c - 3 scrolls of teleportation
 d - a scroll of enchant armour
 f - a scroll of fear
Comestibles
 b - 6 rations


   Skills:
 + Level 5.2 Dodging
 + Level 6.4 Stealth
 - Level 1.0 Unarmed Combat
 - Level 2.0 Spellcasting
 - Level 4.4 Hexes


You had 4 spell levels left.
You knew the following spells:

 Your Spells              Type           Power        Failure   Level  Hunger
a - Corona                Hex            ###....      1%          1    #......
b - Ensorcelled Hibernat  Hex/Ice        #.....       5%          2    ###....

Your spell library contained the following spells:

 Spells                   Type           Power        Failure   Level  Hunger
 Confusing Touch          Hex            ###.....     4%          3    ###....
 Tukima's Dance           Hex            ###.....     4%          3    ###....
 Dazzling Flash           Conj/Hex       #.....       11%         3    ###....


Dungeon Overview and Level Annotations

Branches:
Dungeon (4/15)             Temple (0/1) D:4

Altars:


Innate Abilities, Weirdness & Mutations

You cannot wear armour.
You are incapable of wielding weapons or throwing items.
Your paws allow you to move quietly. (Stealth)
You have sharp claws.
You have razor-sharp teeth.
You have supernaturally acute eyesight. (SInv)
You are carnivorous and can eat meat at any time.
You cover ground quickly.
You are covered in fur. (AC +1)
You have a slow metabolism.
Your sharp claws are effective at attacking unaware monsters.


Message History

* * * LOW HITPOINT WARNING * * *
You are more poisoned.
The scorpion poisons you!
Casting: Ensorcelled Hibernation (safe; 5% risk of failure)
Confirm with . or Enter, or press ? or * to list all spells.
Aiming: Ensorcelled Hibernation (safe; 5% risk of failure)
Press: ? - help, Shift-Dir - straight line, f - scorpion
Aim: a scorpion (moderately wounded, chance to defeat MR: 39%)
You miscast Ensorcelled Hibernation.
You are very lightly contaminated with residual magic.
Nothing appears to happen.
* * * LOW HITPOINT WARNING * * *
You feel sick. The scorpion barely misses you.
Casting: Ensorcelled Hibernation (safe; 5% risk of failure)
Confirm with . or Enter, or press ? or * to list all spells.
Aiming: Ensorcelled Hibernation (safe; 5% risk of failure)
Press: ? - help, Shift-Dir - straight line, f/p - scorpion
Aim: a scorpion (moderately wounded, chance to defeat MR: 39%)
The scorpion resists with some effort.
You die...

.. #.### #...# #
####...#### .#
#.........###..#
....#.#s.......#
....#.#.#@..##.#
...#.#.#.#...%.#
....#.>.#..#####
...#.#.#)#.#
....#.#.#..#
.....#.#...#
.#.........####
..........#...##
.#######.......##


You could see a scorpion.

Vanquished Creatures
  5 adders
  3 oozes
  A worm (D:2)
  5 dart slugs
  2 leopard geckos
  An orc (D:3)
  5 bats (D:2)
  5 giant cockroaches
  10 goblins
  8 hobgoblins
  3 quokkas
  A ball python (D:2)
  4 frilled lizards
  9 kobolds
  7 rats
69 creatures vanquished.

Notes
Turn   | Place    | Note
-------+----------+-------------------------------------------
     0 | D:1      | DeadF the Felid Enchanter began the quest for the Orb.
     0 | D:1      | Reached XP level 1. HP: 7/7 MP: 4/4
   442 | D:1      | Reached XP level 2. HP: 6/11 MP: 6/6
   613 | D:1      | Learned a level 2 spell: Ensorcelled Hibernation
  1324 | D:1      | Reached skill level 5 in Stealth
  1385 | D:1      | Reached XP level 3. HP: 14/14 MP: 4/7
  2451 | D:2      | Reached XP level 4. HP: 18/18 MP: 8/8
  3253 | D:2      | Reached skill level 6 in Stealth
  3638 | D:3      | Reached skill level 5 in Dodging
  4319 | D:3      | Succumbed to an adder's poison
  4320 | D:3      | Reached XP level 3. HP: 0/14 MP: 1/7
  4945 | D:3      | Reached XP level 4. HP: 8/18 MP: 3/8
  5416 | D:4      | Found a staircase to the Ecumenical Temple.
  5432 | D:4      | Succumbed to a scorpion's poison

Illustrated notes

Levels and vault maps discovered:
D:1:      sevenhm_arrival_forest_fort_small_4, layout_basic
D:2:      layout_basic, minmay_misc_feat_ornament
D:3:      layout_basic
D:4:      layout_loops_ring, chequers_temple_overflow_statue_of_worship,
          fedhas_altar_3, minmay_temple_entry_grid, first_ration

Skill      XL: |  1  2  3  4 |
---------------+-------------+-----
Dodging        | 3 4 5 |  5.2
Stealth        | 5 6 |  6.4
Unarmed Combat | |  1.0
Spellcasting   | |  2.0
Hexes          | |  4.4

Action                   |  1- 3 |  4- 6 || total
-------------------------+-------+-------++-------
Melee: Unarmed           |   133 |    81 ||   214
       Bite              |     9 |     6 ||    15
       Punch             |       |     1 ||     1
 Cast: Ensorcelled Hiber |    20 |    22 ||    42
Evoke: Wand              |       |     1 ||     1
  Use: Scroll            |     2 |     4 ||     6
       Potion            |     1 |       ||     1
 Stab: Sleeping          |    24 |    20 ||    44
  Eat: Chunk             |    12 |     6 ||    18
Armor: Skin              |     8 |     5 ||    13
Dodge: Dodged            |   138 |    72 ||   210
